 Dungeon Crawl Stone Soup version 0.24-a0-271-ga0fc33f724 (webtiles) character file.

Game seed: 16740739252745548523

229 Redear the Magician (level 5, -2/35 HPs)
             Began as a Mummy Wizard on Apr 23, 2019.
             Slain by an iguana (9 damage)
             ... on level 4 of the Dungeon.
             The game lasted 00:07:47 (4453 turns).

Redear the Magician (Mummy Wizard)                  Turns: 4453, Time: 00:07:47

Health: -2/35      AC:  4    Str: 10    XL:     5   Next: 71%
Magic:  2/13       EV: 12    Int: 18    God:
Gold:   255        SH:  0    Dex: 11    Spells: 10/15 levels left

rFire    x . .     SeeInvis .   (no weapon)
rCold    + . .     Gourm    .   (no shield)
rNeg     + + +     Faith    .   a - +0 robe
rPois    ∞         Spirit   .   k - +0 helmet
rElec    .         Reflect  .   (no cloak)
rCorr    .         Harm     .   l - +0 pair of gloves
MR       .....                  (no boots)
Stlth    ++........             (no amulet)
HPRegen  0.11/turn              (no ring)
MPRegen  0.13/turn              (no ring)

@: no status effects
A: no food or potions, fire vulnerability, cold resistance 1, negative energy
resistance 3, torment resistance, unbreathing
a: no special abilities


You were on level 4 of the Dungeon.
You were not hungry.

You visited 1 branch of the dungeon, and saw 4 of its levels.

You collected 255 gold pieces.

Inventory:

Armour
 a - a +0 robe (worn)
 b - a +0 hat
 i - a +0 shield
 k - a +0 helmet (worn)
 l - a +0 pair of gloves (worn)
Scrolls
 c - 2 scrolls of teleportation {unknown}
 d - a scroll of identify {unknown}
 e - a scroll of remove curse {unknown}
 f - 2 scrolls of fear {unknown}
 g - 2 scrolls of random uselessness {unknown}
 h - a scroll of amnesia {unknown}
 j - a scroll of enchant armour {unknown}


   Skills:
 - Level 1.5 Dodging
 - Level 1.5 Stealth
 + Level 5.8 Spellcasting
 + Level 2.9 Conjurations
 + Level 2.2 Summonings
 - Level 0.7 Translocations


You had 10 spell levels left.
You knew the following spells:

 Your Spells              Type           Power        Failure   Level  Hunger
a - Magic Dart            Conj           ###.         3%          1    N/A
b - Call Imp              Summ           ##......     7%          2    N/A
d - Blink                 Tloc           N/A          14%         2    N/A

Your spell library contained the following spells:

 Spells                   Type           Power        Failure   Level  Hunger
 Slow                     Hex            #.......     19%         2    N/A
 Conjure Flame            Conj/Fire      ##......     21%         3    N/A
 Mephitic Cloud           Conj/Pois/Air  #.......     24%         3    N/A

Dungeon Overview and Level Annotations

Branches:
Dungeon (4/15)
 Temple: D:4-7

Altars:
Trog
Wu Jian


Innate Abilities, Weirdness & Mutations

You do not eat or drink.
Your flesh is vulnerable to fire.
You are immune to poison.
Your flesh is cold resistant. (rC+)
You are immune to negative energy. (rN+++)
You are immune to unholy pain and torment.
You can survive without breathing.


Message History

Press: ? - help, Shift-Dir - straight line, f/p - iguana
Aim: an iguana The magic dart hits the iguana.
The iguana is lightly wounded.
The iguana misses you.
You now have 5/13 mp.
Casting: Magic Dart (safe; 3% risk of failure)
Confirm with . or Enter, or press ? or * to list all spells.
Aiming: Magic Dart (safe; 3% risk of failure)
Press: ? - help, Shift-Dir - straight line, f/p - iguana
Aim: an iguana (lightly wounded)
The magic dart hits the iguana but does no damage.
The iguana is lightly wounded.
The iguana completely misses you.
You now have 4/13 mp.
Casting: Magic Dart (safe; 3% risk of failure)
Confirm with . or Enter, or press ? or * to list all spells.
A beastly little devil appears in a puff of frigid air.
The iguana bites you!
You die...

.##.##......>.........#
######..............#.###
#..##......##......##...#
...........##..#...#...##
...............#......##
..#...................#
..#...............5...#
........##.......l..###
.##.............@..##
.##...#.!.........##
#######...........#
#....##....##
#..#.#....## ####..##.##
#...### #....# #...##


You could see an iguana and a friendly white imp.

Vanquished Creatures
  2 worker ants
  2 adders (D:3)
  An ooze (D:3)
  A worm (D:3)
  5 dart slugs
  3 leopard geckos
  An orc (D:3)
  2 giant cockroaches
  13 goblins
  5 hobgoblins
  4 jackals
  A quokka (D:3)
  2 ball pythons
  8 bats
  A frilled lizard (D:2)
  5 kobolds
  13 rats
69 creatures vanquished.

Vanquished Creatures (collateral kills)
  An ogre (D:2)
  Robin (D:3)
  4 worms
  10 goblins (D:3)
  A hobgoblin (D:3)
17 creatures vanquished.

Vanquished Creatures (others)
  3 toadstools (D:3)
3 creatures vanquished.

Grand Total: 89 creatures vanquished

Notes
Turn   | Place    | Note
-------+----------+-------------------------------------------
     0 | D:1      | Redear the Mummy Wizard began the quest for the Orb.
     0 | D:1      | Reached XP level 1. HP: 13/13 MP: 5/5
   122 | D:1      | Reached skill level 1 in Conjurations
   294 | D:1      | Reached XP level 2. HP: 12/19 MP: 0/7
   914 | D:1      | Learned a level 2 spell: Blink
   918 | D:1      | Learned a level 2 spell: Call Imp
  1126 | D:1      | Reached XP level 3. HP: 24/24 MP: 7/9
  1368 | D:2      | Noticed an ogre
  1376 | D:2      | HP: 2/24 [ogre/+0 giant club (22)]
  1974 | D:3      | Found an ornate altar of the Wu Jian Council.
  2218 | D:2      | Reached skill level 1 in Summonings
  2293 | D:2      | Found a bloodstained altar of Trog.
  2382 | D:2      | Killed an ogre
  2382 | D:2      | Reached skill level 5 in Spellcasting
  2382 | D:2      | Reached skill level 2 in Conjurations
  2382 | D:2      | Reached XP level 4. HP: 23/30 MP: 0/11
  3067 | D:3      | Reached XP level 5. HP: 19/35 MP: 1/12
  3444 | D:3      | Reached skill level 2 in Summonings
  3703 | D:3      | Noticed Robin
  3738 | D:3      | Killed Robin
  4453 | D:4      | Slain by an iguana

Levels and vault maps discovered:
D:1:      dpeg_arrival_yet_another_circle, layout_basic
D:2:      layout_basic, old_standard_altar, first_ration, minmay_pentomino_s4
D:3:      layout_basic, overflow_temple_1_default, minmay_misc_feat_plants,
          minmay_gold_behind_fungi, uniq_robin
D:4:      layout_cave_pools, nicolae_overflow_crystal_walls, led_sif_pool,
          minmay_temple_entry_trees

Skill      XL: |  1  2  3  4  5 |
---------------+----------------+-----
Conjurations   | 1 2 |  2.9
Summonings     | 1 2 |  2.2
Spellcasting   | 5 |  5.8
Dodging        | |  1.5
Stealth        | |  1.5
Translocations | |  0.7

Action                   |  1- 3 |  4- 6 || total
-------------------------+-------+-------++-------
Melee: Unarmed           |    40 |    44 ||    84
 Cast: Magic Dart        |   102 |   108 ||   210
       Call Imp          |     3 |    13 ||    16
       Blink             |     1 |       ||     1
 Stab: Sleeping          |     1 |       ||     1
Armor: Robe              |    17 |    10 ||    27
Dodge: Dodged            |    58 |    57 ||   115

Table legend:
 A = Non-vault XP
 B = Vault XP
 C = Vault XP percentage of total XP
 D = Non-vault monster count
 E = Vault monster count
 F = Vault count percentage of total count
                 A         B        C        D         E       F
            +---------+---------+-------+---------+---------+-------
      Total |     303 |      25 |   7.6 |      70 |      16 |  18.6
            +---------+---------+-------+---------+---------+-------
        D:1 |      42 |       0 |   0.0 |      22 |       0 |   0.0
        D:2 |     117 |       3 |   2.5 |      21 |       3 |  12.5
        D:3 |     111 |      22 |  16.5 |      26 |      13 |  33.3
        D:4 |      33 |       0 |   0.0 |       1 |       0 |   0.0
            +---------+---------+-------+---------+---------+-------
